 Dungeon Crawl Stone Soup version 0.12.2-14-g7c90c79 (webtiles) character file.

201 Gabry the Shield-Bearer (level 4, 0/39 HPs)
             Began as a Minotaur Fighter on Aug 9, 2013.
             Killed by nerve-wracking pain
             ... invoked by Grinder
              (5 damage)
             ... on Level 3 of the Dungeon.
             The game lasted 00:10:33 (1604 turns).

Gabry the Shield-Bearer (Minotaur Fighter)          Turns: 1604, Time: 00:10:33

HP   0/39        AC  7     Str 20      XL: 4   Next: 12%
MP   1/1         EV  6     Int  5      God:
Gold 125         SH 19     Dex 11      Spells:  0 memorised,  3 levels left

Res.Fire  : . . .   See Invis. : .   a - +0 mace
Res.Cold  : . . .   Warding    : .   b - +0 scale mail
Life Prot.: . . .   Conserve   : .   c - +0 shield
Res.Poison: .       Res.Corr.  : .   (helmet restricted)
Res.Elec. : .       Clarity    : .   (no cloak)
Sust.Abil.: . .     Spirit.Shd : .   (no gloves)
Res.Mut.  : .       Stasis     : .   (no boots)
Res.Rott. : .       Ctrl.Telep.: .   (no amulet)
Saprovore : . . .   Flight     : .   (no ring)
                                     g - ring of invisibility

@: slightly resistant to hostile enchantments, extremely unstealthy
A: retaliatory headbutt, horns 2
a: Evoke Invisibility


You were on level 3 of the Dungeon.
You were not hungry.

You visited 1 branch of the dungeon, and saw 3 of its levels.

You collected 105 gold pieces.

Inventory:

Hand weapons
 a - a +0,+0 mace (weapon)
 i - a +0,+0 dagger (quivered)
Armour
 b - a +0 scale mail (worn)
 c - a +0 shield (worn)
Scrolls
 e - 3 scrolls of identify {unknown}
 h - 2 scrolls of curse weapon {unknown}
 j - a scroll of enchant armour {unknown}
 l - a scroll of teleportation {unknown}
 n - a scroll of fog {unknown}
 o - a scroll of enchant weapon I {unknown}
 r - a scroll of enchant weapon II {unknown}
Jewellery
 g - a ring of invisibility (left hand)
Potions
 d - a potion of heal wounds {unknown}
 f - 2 potions of curing
 k - a potion of confusion {unknown}
 m - 2 potions of restore abilities
 p - a potion of poison {unknown}


   Skills:
 + Level 3.9 Fighting
 + Level 2.8 Maces & Flails
 + Level 4.4 Armour
 + Level 1.5 Dodging
 + Level 4.5 Shields


You had 3 spell levels left.
You didn't know any spells.

Dungeon Overview and Level Annotations

Branches:
Dungeon (3/27)

Altars:

Annotations
D:3 Grinder


Innate Abilities, Weirdness & Mutations

You reflexively headbutt those who attack you in melee.
You have a pair of horns on your head.


Message History

You hit Grinder.
Grinder is heavily wounded.
Grinder barely misses you. You furiously retaliate!
You headbutt Grinder. You barely miss Grinder. You headbutt Grinder.
Grinder is severely wounded.
Grinder hits you but does no damage.
You hit Grinder.
Grinder is severely wounded.
Grinder hits you but does no damage.
You hit Grinder but do no damage.
Grinder is severely wounded.
Grinder gestures.
Grinder blinks!
Grinder gestures at you. You resist.
You hit Grinder.
Grinder is severely wounded.
Grinder gestures at you. Pain shoots through your body!
You die...

#############
##+#######
#...........#
#<.......#
+...........#
+....(...#
#...........+
#........#
#.5@........#
#........+
#...........#
#......[.#
#...........#
#........#
#...........#
#........#
#...........#
#######'##
#...........#
#.#
#...........#
#.#
######'######
#.# #.#


You could see Grinder.

Vanquished Creatures
  Terence (D:3)
  2 adders (D:2)
  A worm (D:2)
  A giant gecko (D:3)
  An orc (D:3)
  4 hobgoblins
  5 jackals (D:1)
  3 bats
  3 giant cockroaches
  8 giant newts
  4 goblins
  4 kobolds
  6 rats (D:1)
43 creatures vanquished.

Notes
Turn   | Place    | Note
--------------------------------------------------------------
     0 | D:1      | Gabry, the Minotaur Fighter, began the quest for the Orb.
     0 | D:1      | Reached XP level 1. HP: 19/19 MP: 0/0
   354 | D:1      | Reached XP level 2. HP: 24/26 MP: 0/0
   468 | D:1      | Reached skill level 4 in Shields
   935 | D:2      | Reached skill level 1 in Dodging
   935 | D:2      | Reached XP level 3. HP: 31/33 MP: 1/1
  1472 | D:3      | Noticed Terence
  1489 | D:3      | Killed Terence
  1489 | D:3      | Reached XP level 4. HP: 30/39 MP: 1/1
  1580 | D:3      | Noticed Grinder
  1583 | D:3      | Paralysed by Grinder for 4 turns
  1604 | D:3      | Killed from afar by Grinder

Action                   |  1- 3 |  4- 6 || total
-------------------------+-------+-------++-------
Melee: Mace              |   110 |    19 ||   129
  Use: Potion            |     2 |       ||     2
